 Dungeon Crawl Stone Soup version 0.27.1-4-g1640c2035a (webtiles) character file.

Game seed: 15488123811084474158

37 Stomo444 the Skirmisher (level 3, -4/29 HPs)
             Began as a Demonspawn Monk on Nov 9, 2021.
             Slain by Natasha (10 damage)
             ... on level 2 of the Dungeon.
             The game lasted 00:01:34 (1622 turns).

Stomo444 the Skirmisher (Demonspawn Monk)           Turns: 1622, Time: 00:01:34

Health: -4/29      AC:  0    Str: 12    XL:     3   Next: 21%
Magic:  3/3        EV: 20    Int: 11    God:
Gold:   61         SH:  0    Dex: 20    Spells: 2/2 levels left

rFire    . . .     SeeInvis .   (weapon currently unavailable)
rCold    . . .     Faith    .   (shield currently unavailable)
rNeg     . . .     Spirit   .   (armour currently unavailable)
rPois    .         Reflect  .   (helmet currently unavailable)
rElec    .         Harm     .   (cloak currently unavailable)
rCorr    .         Rampage  .   (gloves currently unavailable)
Will     .....                  (boots currently unavailable)
Stlth    ++........             (no amulet)
HPRegen  0.09/turn              (ring currently unavailable)
MPRegen  0.08/turn              (ring currently unavailable)

@: bat-form, flying, very quick
A: fast, flying, no casting, tiny, (icy blue scales 1), powered by pain 1
a: no special abilities


You were on level 2 of the Dungeon.
You were a bat.
You visited 1 branch of the dungeon, and saw 2 of its levels.

You collected 61 gold pieces.

Inventory:

Hand Weapons
 a - a +0 mace (melded)
 e - a +0 whip
Armour
 b - a +0 robe (melded)
Jewellery
 g - a ring of magical power
Scrolls
 f - a scroll of identify {unknown}
Potions
 c - a potion of cancellation {unknown}
 d - a potion of invisibility {unknown}
 h - a potion of might {unknown}


   Skills:
 * Level 3.4 Fighting
 * Level 3.3 Maces & Flails
 + Level 3.0 Dodging
 - Level 1.7 Stealth


You had 2 spell levels left.
You didn't know any spells.
Your spell library was empty.

Dungeon Overview and Level Annotations

Branches:
Dungeon (2/15)

Altars:

Annotations:
D:2 Natasha


Innate Abilities, Weirdness & Mutations

You are a bat.
You are tiny and dextrous.
You move quickly.
You are flying.
Your equipment is almost entirely melded.
You are incapable of wielding weapons or throwing items.
You cannot cast spells.
((You are partially covered in icy blue scales. (AC +2)))
You sometimes gain a little power by taking damage.


Message History

You resist with significant effort.
You barely miss Natasha. Natasha closely misses you.
Natasha stares at you and mumbles some strange words.
The magic dart hits you!
You barely miss Natasha.
Natasha zaps a wand.
You resist with significant effort. Natasha closely misses you.
You barely miss Natasha.
Natasha mumbles some strange words.
Natasha barely misses you.
You closely miss Natasha.
Natasha mumbles some strange words.
Natasha claws you!
You hit Natasha.
Natasha is moderately wounded.
Natasha casts a spell at you. The magic dart hits you.
* * * LOW HITPOINT WARNING * * *
You hit Natasha.
Natasha is heavily wounded.
Natasha closely misses you.
The crimson imp grins evilly.
Natasha misses you.
Unknown command.
You closely miss Natasha.
Natasha is heavily wounded.
Natasha barely misses you.
The crimson imp blinks!
Natasha claws you.
* * * LOW HITPOINT WARNING * * *
You closely miss Natasha.
Natasha is heavily wounded.
You feel yourself speed up. Natasha misses you.
The crimson imp blinks!
Natasha closely misses you.
You hit Natasha.
Natasha is almost dead.
Natasha zaps a wand.
You turn into a bat.
Your +0 mace melds into your body.
Your +0 robe melds into your body.
You hit Natasha but do no damage.
Natasha is almost dead.
The shadow imp disappears in a puff of smoke!
Natasha claws you!
You die...

......######.#
#.#####.#.......#.#
...........####.#.#
##.............##### ##
#.#.#######...#...
...##.#.......#...#.###.
......................>.
<#.......#.##.###.#.#.#.
#.##.#b##.##. #.#..( ..
...#h# ## #.#...#
#.#...ยง. #.#...# #.
#...... #.##.## #
........ #.# ..
.##....... ..# ..
#........ ##.......#


You could see Natasha.

Vanquished Creatures
  An adder (D:2)
  A worm (D:2)
  A dart slug (D:1)
  3 ball pythons
  A bat (D:1)
  3 endoplasms (D:1)
  5 goblins
  A hobgoblin (D:1)
  A frilled lizard (D:2)
  2 kobolds (D:1)
  4 rats
23 creatures vanquished.

Notes
Turn   | Place    | Note
-------+----------+-------------------------------------------
     0 | D:1      | Stomo444 the Demonspawn Monk began the quest for the Orb.
     0 | D:1      | Reached XP level 1. HP: 18/18 MP: 1/1
   195 | D:1      | Gained mutation: You are partially covered in icy blue
                  | scales. (AC +2) [demonic ancestry]
   195 | D:1      | Reached XP level 2. HP: 17/24 MP: 2/2
  1435 | D:2      | Gained mutation: You sometimes gain a little power by
                  | taking damage. [demonic ancestry]
  1435 | D:2      | Reached XP level 3. HP: 16/29 MP: 3/3
  1606 | D:2      | Noticed Natasha
  1622 | D:2      | Slain by Natasha

Illustrated notes

Levels and vault maps discovered:
D:1:      ncdulo_watergridlock, layout_basic, roderic_filled_cross,
          skrybe_limestone_x
D:2:      layout_basic, uniq_natasha

Skill      XL: |  1  2 |
---------------+-------+-----
Maces & Flails | 3 |  3.3
Dodging        | 3 |  3.0
Fighting       | |  3.4
Stealth        | |  1.7

Action                   || total
-------------------------++-------
Melee: Mace              ||    78
       Unarmed           ||     1
 Stab: Sleeping          ||     4
       Distracted        ||     1
Armor: Robe              ||    19
Dodge: Dodged            ||    47
